Map: Eternal Empire LE

Players

Serral - Winner!

  • Race: Zerg Zerg
  • Spawn Location: 7:00

TYTY (TY)

  • Race: Terran Terran
  • Spawn Location: 1:00

Event: IEM Katowice 2020

VOD

Have the link to the VOD?

Description

Time

  • Played on: Feb. 28, 2020, 2:42 p.m.
  • Length: 20:27

All games in this series

Show
View Real Time Build Order
Export as new Build Order

Serral Zerg - Winner!

Build Orders: Hatch First, Muta Ling Bane 

Get SALT Encoding   

  12  0:00  Drone  
  13  0:12  Overlord  
  13  0:16  Drone  
  14  0:31  Drone x2  
  16  0:48  Hatchery  
  15  0:51  Drone  
  15  0:54  Drone  
  17  0:58  Drone  
  18  1:08  Extractor  
  17  1:13  Spawning Pool  
  17  1:17  Drone  
  17  1:20  Drone  
  18  1:28  Drone  
  19  1:39  Drone  
  20  1:49  Overlord  
  20  2:00  Queen x2  
  20  2:01  Zergling x4  
  26  2:11  Drone x2, Metabolic Boost  
  28  2:22  Drone x2  
  30  2:34  Drone  
  31  2:37  Queen x2  
  31  2:42  Drone  
  36  2:44  Overlord  
  36  2:49  Overlord  
  36  3:04  Drone  
  36  3:05  Drone x3  
  40  3:08  Drone x3  
  43  3:14  Lair  
  43  3:19  Extractor, Drone x3  
  45  3:22  Drone  
  46  3:29  Drone x2  
  48  3:40  Drone x2  
  50  3:44  Drone  
  50  3:45  Drone, Overlord  
  52  3:49  Extractor x2  
  52  3:53  Drone x2  
  52  4:07  Hatchery, Drone x2  
  52  4:08  Drone  
  54  4:13  Spire  
  54  4:14  Drone  
  54  4:17  Zergling x6  
  54  4:18  Zergling x2  
  54  4:21  Drone  
  54  4:22  Overseer  
  58  4:25  Drone  
  58  4:31  Overlord  
  59  4:33  Zergling x2  
  59  4:34  Zergling x2, Baneling Nest  
  59  4:37  Overlord  
  60  4:50  Zergling x6  
  63  5:03  Zergling x2  
  63  5:04  Zergling x12  
  70  5:14  Overlord  
  70  5:24  Mutalisk  
  70  5:25  Mutalisk x5  
  82  5:33  Mutalisk x2  
  85  5:37  Zergling x2, Overlord  
  85  5:38  Zergling x4  
  88  5:45  Overlord  
  88  5:47  Centrifical Hooks  
  88  5:49  Overlord x2  
  88  5:57  Overlord  
  88  6:02  Zergling x2  
  89  6:10  Zergling x20  
  99  6:17  Zergling x2  
  99  6:18  Zergling x2  
  101  6:20  Baneling x11  
  99  6:27  Zergling x8  
  99  6:32  Baneling x6  
  103  6:36  Zergling x4  
  105  6:40  Zergling x4  
  105  6:41  Zergling x2  
  108  6:48  Baneling x6  
  108  6:49  Zergling x4  
  108  6:52  Baneling x4  
  110  6:59  Zergling x8  
  114  7:02  Baneling x4  
  108  7:12  Zergling x12  
  85  7:23  Zergling x12  
  85  7:24  Zergling x2  
  88  7:34  Drone x4  
  87  7:43  Mutalisk x2  
  87  7:44  Evolution Chamber x2  
  90  7:47  Mutalisk  
  91  7:53  Mutalisk x2  
  95  8:00  Drone x2  
  95  8:02  Drone  
  100  8:06  Baneling x5  
  100  8:08  Drone  
  99  8:15  Zergling x12  
  99  8:19  Baneling x5  
  103  8:21  Zergling x2  
  103  8:22  Zergling x2  
  105  8:31  Baneling  
  105  8:32  Baneling x5  
  105  8:37  Zergling x8  
  100  8:48  Zergling x14  
  100  8:49  Zergling x8  
  103  8:56  Zergling x6  
  96  9:04  Zergling x4  
  96  9:05  Baneling x4  
  96  9:06  Baneling x2  
  96  9:07  Zerg Ground Armor Level 1  
  98  9:12  Drone x3  
  98  9:15  Zerg Flyer Weapons Level 1  
  98  9:17  Drone, Baneling x2  
  102  9:24  Drone  
  102  9:25  Zergling x2  
  104  9:31  Hatchery  
  104  9:33  Extractor x2, Drone  
  104  9:37  Drone  
  104  9:38  Drone x3  
  106  9:48  Drone x3  
  106  9:51  Mutalisk  
  106  9:52  Mutalisk  
  113  9:56  Overlord x3  
  113  10:05  Mutalisk x2  
  113  10:09  Overlord  
  113  10:10  Overlord  
  113  10:15  Mutalisk x3  
  113  10:20  Zergling x8  
  113  10:21  Zergling x2  
  117  10:28  Zergling x2  
  117  10:29  Zergling x8  
  117  10:48  Mutalisk x5  
  116  10:51  Drone x4  
  116  10:52  Drone  
  116  10:53  Drone x2  
  120  11:00  Queen  
  120  11:02  Drone  
  123  11:04  Baneling x2  
  123  11:10  Drone x3  
  126  11:17  Zerg Ground Armor Level 2  
  126  11:19  Evolution Chamber  
  125  11:26  Baneling x4  
  125  11:29  Zergling x10  
  130  11:35  Zergling x8  
  130  11:38  Baneling x4  
  131  11:44  Baneling x5  
  131  11:48  Zergling x2, Zerg Melee Weapons Level 1  
  131  11:49  Zergling x4  
  134  11:54  Drone x2  
  134  11:55  Drone  
  134  11:56  Drone  
  134  11:59  Drone x2  
  140  12:06  Baneling x7  
  140  12:07  Zergling x2  
  140  12:08  Zergling x8  
  145  12:13  Baneling x5  
  145  12:18  Zergling x12  
  151  12:28  Zergling x16  
  157  12:32  Zergling x8  
  157  12:36  Baneling x5  
  159  12:39  Baneling x3  
  159  12:40  Baneling  
  159  12:41  Overlord  
  159  12:42  Baneling x3  
  159  12:43  Baneling  
  154  12:58  Zergling x24  
  124  13:02  Mutalisk  
  117  13:10  Zergling x8  
  117  13:11  Zergling x2  
  121  13:14  Baneling x5  
  121  13:17  Hatchery  
  121  13:19  Zergling x10  
  125  13:22  Baneling x5  
  125  13:27  Mutalisk  
  125  13:28  Mutalisk  
  127  13:34  Baneling x2  
  127  13:35  Baneling  
  127  13:36  Baneling  
  127  13:37  Mutalisk x3  
  133  13:43  Zergling x12  
  133  13:46  Zerg Melee Weapons Level 2  
  139  13:54  Mutalisk x2  
  141  13:57  Drone x5  
  141  13:58  Drone  
  141  14:01  Overlord  
  147  14:04  Mutalisk x2  
  151  14:10  Baneling  
  151  14:14  Baneling x7  
  150  14:17  Zergling x12  
  155  14:24  Zergling x10  
  155  14:34  Zergling x18  
  162  14:43  Zergling x2, Baneling x10  
  162  14:44  Zergling x4  
  165  14:50  Zergling x10  
  169  14:57  Zergling x10  
  154  15:16  Zergling x24  
  156  15:22  Hatchery  
  156  15:25  Zergling x8  
  157  15:31  Zergling x2  
  155  15:35  Baneling  
  155  15:36  Baneling x5  
  155  15:40  Zergling x2  
  155  15:41  Zergling x4  
  158  15:48  Zergling x2  
  158  15:49  Zergling x6  
  160  16:01  Baneling x14  
  160  16:02  Mutalisk x4  
  168  16:04  Overlord  
  168  16:07  Overlord x2  
  164  16:12  Mutalisk  
  164  16:15  Zerg Flyer Armor Level 1  
  164  16:16  Overlord  
  164  16:23  Mutalisk x4  
  167  16:34  Mutalisk x3  
  167  16:38  Hatchery  
  172  16:44  Drone  
  173  16:53  Mutalisk x2  
  173  16:54  Mutalisk x3  
  173  16:59  Zergling x14  
  188  17:08  Hatchery  
  188  17:09  Overlord  
  188  17:13  Extractor  
  188  17:14  Extractor  
  185  17:16  Zergling x12  
  185  17:19  Baneling  
  185  17:20  Baneling x4  
  191  17:31  Zergling x6  
  191  17:35  Infestation Pit  
  191  17:48  Drone x8  
  191  17:49  Drone  
  200  17:55  Burrow  
  200  18:02  Mutalisk  
  199  18:06  Overlord x3  
  199  18:09  Zerg Flyer Weapons Level 2  
  199  18:13  Hive  
  187  18:27  Baneling x2  
  187  18:28  Mutalisk x3, Baneling x5  
  187  18:33  Zergling x2  
  187  18:34  Zergling x12  
  190  18:44  Zergling x14  
  193  18:56  Hatchery  
  193  19:01  Baneling  
  193  19:02  Zergling x14  
  199  19:16  Extractor, Baneling x21  
  196  19:19  Extractor  
  196  19:21  Zergling x22  
  197  19:24  Baneling  
  197  19:25  Baneling x7  
  195  19:32  Hatchery  
  195  19:38  Drone x3  
  190  19:39  Drone x2  
  190  19:40  Drone  
  192  19:45  Zergling x2  
  192  19:46  Zergling x12  
  197  19:56  Baneling x10  
  190  20:02  Zergling x2  
  190  20:03  Zergling x18  
  175  20:09  Zergling x2  
  175  20:10  Zergling x4  
Show
View Real Time Build Order
Export as new Build Order

TYTY Terran 

Build Orders: Reaper Expand 

Get SALT Encoding   

  12  0:00  SCV  
  13  0:12  SCV  
  14  0:17  Supply Depot  
  14  0:25  SCV  
  15  0:38  SCV  
  15  0:39  Barracks  
  16  0:44  Refinery  
  16  0:50  SCV  
  17  1:02  SCV  
  18  1:14  SCV  
  19  1:26  Reaper  
  19  1:27  Orbital Command  
  20  1:41  Command Center  
  20  1:49  Supply Depot  
  20  1:53  SCV  
  21  1:58  Marine  
  22  2:06  Factory  
  22  2:08  SCV  
  23  2:16  Marine  
  23  2:20  SCV  
  25  2:32  SCV  
  25  2:35  Barracks Reactor  
  26  2:43  Command Center  
  26  2:50  SCV  
  27  2:55  Orbital Command  
  27  3:02  Barracks  
  27  3:06  SCV  
  28  3:15  Hellion  
  28  3:16  Hellion  
  28  3:18  Barracks Tech Lab  
  32  3:20  SCV  
  32  3:27  SCV  
  34  3:32  SCV  
  35  3:36  Marine  
  35  3:38  Stimpack  
  35  3:39  SCV  
  37  3:41  Refinery  
  37  3:44  SCV  
  37  3:47  Engineering Bay  
  38  3:52  Starport  
  38  3:55  Marine  
  40  3:56  SCV  
  40  4:02  Orbital Command  
  41  4:03  Marine  
  41  4:05  Marine  
  41  4:06  Factory Reactor  
  41  4:07  SCV  
  41  4:08  SCV  
  43  4:13  Marine  
  43  4:19  SCV, Refinery  
  43  4:20  SCV  
  43  4:21  Marine  
  43  4:22  Marine  
  47  4:25  Supply Depot  
  47  4:29  SCV  
  47  4:30  Marine  
  49  4:31  SCV  
  49  4:32  SCV  
  51  4:39  Marine  
  51  4:40  Marine  
  51  4:41  Orbital Command  
  51  4:44  Medivac x2  
  51  4:45  SCV x2  
  59  4:48  Marine  
  59  4:52  Supply Depot  
  60  4:57  Marine  
  60  4:58  Marine  
  62  5:01  SCV x2  
  62  5:04  Engineering Bay x2  
  62  5:05  Factory Tech Lab  
  62  5:06  Marine  
  65  5:11  SCV  
  65  5:12  Supply Depot  
  65  5:13  SCV  
  67  5:14  Marine  
  67  5:16  Marine  
  67  5:19  Medivac x2  
  73  5:22  SCV  
  73  5:23  SCV  
  73  5:25  SCV  
  76  5:29  Barracks  
  76  5:33  Terran Infantry Weapons Level 1  
  76  5:34  Supply Depot x2, Missile Turret  
  77  5:35  SCV  
  77  5:40  SCV  
  78  5:44  Siege Tank  
  81  5:50  Missile Turret  
  81  5:52  SCV x3  
  81  5:53  Supply Depot  
  81  5:56  Terran Infantry Armor Level 1  
  84  6:03  Marine x3  
  87  6:04  SCV x2  
  87  6:07  Combat Shield  
  87  6:10  SCV  
  86  6:16  SCV  
  86  6:19  SCV  
  86  6:21  Supply Depot x2  
  86  6:22  SCV  
  86  6:25  Siege Tank  
  89  6:29  Marine  
  87  6:34  Marine  
  87  6:35  Marine x2  
  87  6:37  SCV  
  86  6:41  Starport Reactor, Missile Turret  
  86  6:42  SCV x2  
  86  6:44  Marine  
  86  6:46  Marine  
  90  6:52  Marine x2  
  92  6:55  Barracks  
  92  6:56  Barracks  
  92  6:58  Supply Depot  
  92  7:00  SCV x2  
  92  7:01  Bunker  
  94  7:02  Siege Tank  
  94  7:04  SCV  
  98  7:12  SCV  
  88  7:17  Medivac x2  
  88  7:19  Marine x2  
  88  7:21  Orbital Command  
  72  7:25  Marine x3  
  72  7:26  SCV x2  
  57  7:37  Marine x2  
  57  7:38  SCV  
  57  7:39  SCV  
  57  7:41  Missile Turret  
  57  7:43  Marine x4  
  63  7:47  Marine  
  63  7:51  SCV  
  64  7:55  SCV, Marine x2  
  64  7:56  SCV  
  68  8:01  Marine x2, Siege Tank  
  68  8:03  SCV  
  74  8:07  SCV  
  74  8:12  Marine x4  
  78  8:13  Marine x2  
  78  8:14  SCV  
  78  8:15  SCV  
  78  8:18  Marine  
  78  8:19  Marine  
  85  8:30  Marine x5  
  85  8:31  Marine  
  89  8:36  Marine  
  90  8:48  Marine  
  83  8:50  Marine x6  
  83  8:52  SCV x3  
  83  8:54  Marine  
  73  9:04  SCV x3  
  73  9:06  Marine  
  73  9:08  Marine x3, Missile Turret, Starport Reactor  
  80  9:15  Armory  
  80  9:18  Siege Tank  
  80  9:21  SCV x2  
  80  9:22  SCV  
  86  9:24  Marine  
  86  9:25  Marine  
  88  9:32  Marine x5  
  88  9:34  SCV  
  88  9:37  Marine  
  94  9:42  Marine x2  
  94  9:43  SCV  
  94  9:44  SCV  
  98  9:46  SCV  
  98  9:50  Marine x3  
  98  9:52  Supply Depot  
  101  9:56  SCV x2  
  101  9:58  Siege Tank  
  106  10:03  Terran Infantry Weapons Level 2  
  106  10:05  SCV  
  107  10:07  Marine x3  
  107  10:10  SCV  
  107  10:11  SCV  
  112  10:17  SCV  
  112  10:21  Marine x3  
  115  10:22  SCV  
  115  10:26  Terran Infantry Armor Level 2  
  118  10:31  SCV  
  118  10:37  Supply Depot  
  116  10:43  Marine x6  
  116  10:44  Siege Tank  
  116  10:46  Medivac  
  120  10:52  Marine  
  120  10:53  Marine  
  110  11:00  Medivac  
  110  11:01  Marine x3  
  110  11:03  Marine  
  110  11:04  Marine x2, SCV  
  113  11:06  Missile Turret  
  113  11:07  SCV x2  
  113  11:10  Marine  
  113  11:11  Marine, Bunker  
  117  11:17  SCV  
  116  11:18  Medivac  
  116  11:19  Marine x3  
  116  11:23  Marine x3  
  124  11:28  Marine  
  124  11:30  Marine  
  124  11:36  Marine, Siege Tank  
  124  11:39  Marine, Medivac  
  131  11:40  Marine  
  131  11:41  Marine x3  
  131  11:46  Supply Depot  
  136  11:49  Marine, Supply Depot  
  136  11:50  Barracks Reactor  
  136  11:52  Command Center  
  136  11:54  Marine  
  136  11:56  Medivac  
  136  11:57  Marine x2  
  136  12:01  Marine x2  
  141  12:05  Marine  
  141  12:07  Marine  
  142  12:09  Medivac  
  142  12:12  Marine  
  142  12:15  Marine x2  
  146  12:19  Marine x2  
  148  12:23  Marine  
  148  12:25  Marine  
  148  12:27  Marine x2  
  152  12:30  Marine  
  152  12:34  Marine x2  
  152  12:36  Marine  
  155  12:38  Supply Depot x2  
  155  12:39  Medivac  
  155  12:40  Barracks x2  
  155  12:43  Barracks  
  157  12:46  Supply Depot x2  
  157  12:48  Marine  
  157  12:50  Marine, Siege Tank  
  157  12:52  Marine x2  
  157  12:57  Marine x3  
  130  12:58  Marine x2  
  130  13:03  SCV  
  114  13:06  Marine  
  114  13:08  Marine  
  114  13:09  Marine x2  
  119  13:15  Marine x2  
  119  13:18  Marine x2  
  121  13:26  Marine  
  121  13:27  Marine x4  
  122  13:29  Medivac x2  
  122  13:30  SCV x2  
  132  13:37  Planetary Fortress  
  132  13:40  Siege Tank  
  135  13:41  Barracks Tech Lab x2  
  135  13:42  Marine x5  
  135  13:44  Marine x2  
  143  13:56  Marine x2  
  143  14:00  Refinery, Marauder  
  143  14:01  Concussive Shells, Refinery, Marauder x2  
  149  14:04  Marine x3  
  149  14:05  Marine  
  153  14:13  Marine  
  153  14:14  Marine  
  155  14:24  Marine x8  
  155  14:28  Missile Turret  
  155  14:29  Terran Infantry Weapons Level 3  
  155  14:31  Marine x4  
  157  14:39  Siege Tank  
  157  14:40  Missile Turret  
  157  14:41  Marine  
  157  14:42  Marine x7  
  168  14:49  Marine x4  
  172  14:59  Marine  
  168  15:00  Marine x7  
  168  15:07  Marine x3, Terran Infantry Armor Level 3  
  175  15:14  SCV x3  
  162  15:18  Marine x4  
  162  15:19  Marine  
  162  15:20  Marine x2  
  153  15:24  Marine x2  
  153  15:26  SCV x3, Siege Tank  
  141  15:35  Marine  
  141  15:36  Marine x4  
  144  15:50  Marauder  
  144  15:53  Missile Turret  
  135  15:58  Siege Tank  
  134  16:08  Marine x3  
  134  16:11  Marine, Orbital Command  
  137  16:13  Marine  
  137  16:15  Missile Turret  
  137  16:18  Marine x2  
  140  16:22  SCV x2  
  142  16:30  Siege Tank  
  139  16:34  SCV x2  
  141  16:41  Sensor Tower  
  141  16:43  SCV  
  141  16:46  SCV  
  141  16:47  SCV  
  144  16:50  SCV  
  145  16:55  SCV  
  145  16:57  Marauder  
  148  17:02  Siege Tank  
  148  17:04  SCV  
  148  17:05  SCV x2  
  155  17:10  Barracks Tech Lab  
  154  17:16  SCV  
  153  17:23  Medivac x2  
  157  17:32  SCV x2, Terran Vehicle Weapons Level 1  
  159  17:43  Thor  
  165  17:46  Marauder  
  165  18:02  Medivac x2  
  165  18:03  Marine x4, Marauder x2  
  165  18:04  Marine x5  
  181  18:07  Marine  
  172  18:21  Marine  
  162  18:33  Marine x2, Marauder  
  162  18:34  Medivac, Marauder  
  168  18:39  Siege Tank  
  161  18:42  Medivac  
  161  18:43  Marine x2  
  161  18:44  Marauder x2  
  166  18:54  Missile Turret  
  170  18:55  Marauder  
  170  18:56  Marauder  
  170  18:57  Marine x4  
  175  19:12  Orbital Command  
  175  19:13  Siege Tank  
  169  19:27  Marine x4  
  165  20:02  Marine x2  
  133  20:07  Marine x4  
  133  20:08  Marine x2  

Tags
 
Add a new tag
Caveats
  • Supply blocks, unpowered buildings, or Contaminate may cause inaccurate times.
  • Supply counts are checked every 10 seconds.